 Dungeon Crawl Stone Soup version 0.29.1-15-g9cfb28693d (webtiles) character file.

Game seed: 7301507865256977627

210 Heoruswealwe the Caller (level 5, 0/28 HPs)
             Began as a Deep Elf Summoner on Mar 19, 2023.
             Slain by Robin
             ... wielding a +0 spear
              (2 damage)
             ... on level 3 of the Dungeon.
             The game lasted 00:34:30 (2617 turns).

Heoruswealwe the Caller (Deep Elf Summoner)         Turns: 2617, Time: 00:34:32

Health: 0/28       AC:  2    Str:  5    XL:     5   Next: 57%
Magic:  14/15      EV: 12    Int: 22    God:
Gold:   134        SH:  0    Dex: 15    Spells: 12/16 levels left

rFire   . . .      SeeInvis +   a - +0 rapier
rCold   . . .      Faith    .   (no shield)
rNeg    . . .      Spirit   .   b - +0 robe
rPois   .          Reflect  .   (no helmet)
rElec   .          Harm     .   (no cloak)
rCorr   .          Rampage  .   (no gloves)
Will    +....                   (no boots)
Stlth   ++........              (no amulet)
HPRegen 0.09/turn               d - ring of willpower
MPRegen 0.14/turn               c - ring of see invisible

@: no status effects
A: no striking features
a: no special abilities


You were on level 3 of the Dungeon.
You visited 1 branch of the dungeon, and saw 3 of its levels.

You collected 134 gold pieces.

Inventory:

Hand Weapons
 a - a +0 rapier (weapon)
 z - a +0 hand axe
Armour
 b - a +0 robe (worn)
Jewellery
 c - a ring of see invisible (right hand)
 d - a ring of willpower (left hand)
Wands
 h - a wand of iceblast (12)
Scrolls
 e - 2 scrolls of enchant armour {unknown}
 f - a scroll of blinking {unknown}
 g - 2 scrolls of brand weapon {unknown}
 j - 3 scrolls of vulnerability {unknown}
 l - a scroll of enchant weapon {unknown}
 m - 3 scrolls of teleportation {unknown}
 o - 2 scrolls of amnesia {unknown}
 p - 3 scrolls of identify {unknown}
 r - a scroll of fear {unknown}
 s - a scroll of fog {unknown}
Potions
 i - 4 potions of magic
 n - a potion of haste {unknown}
 q - a potion of ambrosia {unknown}


   Skills:
 - Level 2.4 Dodging
 - Level 2.4 Stealth
 + Level 6.0 Spellcasting
 + Level 6.2 Summonings


You had 12 spell levels left.
You knew the following spells:

 Your Spells              Type           Power      Damage    Failure   Level
a - Summon Small Mammal   Summ           100%       N/A       1%          1
b - Call Canine Familiar  Summ           33%        N/A       2%          3

Your spell library contained the following spells:

 Spells                   Type           Power      Damage    Failure   Level
 Call Imp                 Summ           33%        N/A       1%          2
 Summon Guardian Golem    Hex/Summ       20%        N/A       8%          3
 Magic Dart               Conj           24%        1d4       9%          1
 Sandblast                Erth           12%        2d6       9%          1
 Passwall                 Tmut/Erth      5%         N/A       14%         2
 Searing Ray              Conj           12%        2d4       14%         2
 Gell's Gravitas          Tloc           6%         N/A       26%         3
 Stone Arrow              Conj/Erth      12%        3d7       26%         3
 Teleport Other           Tloc           6%         N/A       26%         3
 Summon Lightning Spire   Summ/Air       20%        N/A       26%         4
 Fulminant Prism          Conj/Hex       3%         3d6       65%         4
 Dispersal                Tloc           3%         N/A       100%        6
 Orb of Destruction       Conj           3%         9d5       100%        7
 Spellforged Servitor     Conj/Summ      10%        N/A       100%        7


Dungeon Overview and Level Annotations

Branches:
Dungeon (3/15)

Altars:

Shops:
D:2 (

Annotations:
D:3 Robin


Message History

You closely miss the goblin.
Your hound barely misses the hobgoblin.
The hobgoblin hits your hound. The goblin hits you with a +0 dagger.
Your hound barely misses the hobgoblin.
You closely miss the goblin.
The hobgoblin no longer looks unusually strong.
Robin says, "My goblins will feast on your bones."
The hobgoblin hits your hound. The goblin hits you with a +0 dagger.
* * * LOW HITPOINT WARNING * * *
Your hound completely misses the hobgoblin.
The hobgoblin hits your hound but does no damage.
The goblin closely misses you.
You completely miss the goblin.
Your hound bites the hobgoblin.
The hobgoblin dies!
The goblin barely misses you.
Your Spellcasting skill increases to level 6!
It was a potion of curing.
You feel better. The goblin misses you. Robin hits you but does no damage.
The goblin hits you with a +0 dagger.
You hit the goblin but do no damage.
The goblin no longer looks unusually strong.
Robin says, "Feeling lonely?"
Robin hits you from afar with a +0 spear.
The goblin misses you.
You hit the goblin.
The goblin is heavily wounded.
Robin roars a battlecry!
The goblin goes into a battle-frenzy!
The goblin barely misses you.
You closely miss the goblin.
The goblin is heavily wounded.
Robin hits you from afar with a +0 spear.
* * * LOW HITPOINT WARNING * * *
The goblin hits you with a +0 dagger.
* * * LOW HITPOINT WARNING * * *
You hit the goblin.
You kill the goblin!
Robin hits you from afar with a +0 spear.
* * * LOW HITPOINT WARNING * * *
Your hound barely misses Robin.
Robin hits you from afar with a +0 spear.
You die...

##################
(................#
#..........###.#
##.##..........'...#
...............##..#
#######'#'#'#†###..#
###########.#.#.#.###..#
......)@hg).............
###########.#.#.#.#.#..#
#.#.#.....#... ....#
#g#.#.###.#.## ....+
#.#.... .#... ....# #g#
#### ....#


.gg ....# .g. ....# ... You could see Robin (ally target) and a friendly hound
(summoned).

Vanquished Creatures
  Natasha (D:3)
  2 adders (D:2)
  2 endoplasms
  3 goblins (D:3)
  A hobgoblin (D:3)
  A bat (D:3)
  A frilled lizard (D:1)
  3 rats
14 creatures vanquished.

Vanquished Creatures (collateral kills)
  An iguana (D:3)
  Jessica (D:3)
  Natasha (twice) (D:3)
  A dart slug (D:1)
  2 ball pythons (D:1)
  A bat (D:2)
  2 endoplasms (D:2)
  A giant cockroach (D:3)
  8 goblins
  7 hobgoblins
  12 jackals
  2 quokkas (D:1)
  2 frilled lizards
  2 kobolds (D:1)
  4 rats (D:1)
48 creatures vanquished.

Vanquished Creatures (others)
  26 plants (D:1)
26 creatures vanquished.

Grand Total: 88 creatures vanquished

Notes
Turn   | Place    | Note
-------+----------+-------------------------------------------
     0 | D:1      | Heoruswealwe the Deep Elf Summoner began the quest for the
                  | Orb.
     0 | D:1      | Reached XP level 1. HP: 10/10 MP: 6/6
    60 | D:1      | Reached XP level 2. HP: 15/15 MP: 5/8
  1125 | D:2      | Reached skill level 5 in Summonings
  1125 | D:2      | Reached XP level 3. HP: 12/19 MP: 10/10
  1129 | D:2      | Learned a level 3 spell: Call Canine Familiar
  1675 | D:2      | Found Fulaf's Weapon Shop.
  2077 | D:3      | Noticed Jessica
  2077 | D:3      | Noticed Natasha
  2083 | D:3      | Killed Jessica
  2084 | D:3      | Reached XP level 4. HP: 23/24 MP: 8/12
  2103 | D:3      | Killed Natasha
  2104 | D:3      | Reached skill level 5 in Spellcasting
  2118 | D:3      | Reached XP level 5. HP: 21/28 MP: 2/14
  2142 | D:3      | Identified the +7 flail of Prescription {antimagic, rC-
                  | Int+5}
  2355 | D:3      | Noticed Natasha
  2380 | D:3      | Killed Natasha
  2549 | D:3      | Noticed Natasha
  2555 | D:3      | Killed Natasha
  2579 | D:3      | Noticed Robin
  2617 | D:3      | Slain by Robin

Illustrated notes

Levels and vault maps discovered:
D:1:      dpeg_arrival_shelter, layout_loops_cross, minivault_5, st_stairs_7,
          serial_bayou_pond_c, chequers_serial_rivers_marsh,
          roderic_roman_lattice
D:2:      layout_loops_corners, serial_shops, shop
D:3:      layout_basic, uniq_jessica, uniq_natasha, uniq_ijyb, uniq_robin

Skill      XL: |  1  2  3  4  5 |
---------------+----------------+-----
Spellcasting   | 4 5 6 |  6.0
Summonings     | 5 6 |  6.2
Dodging        | |  2.4
Stealth        | |  2.4

Action                   |  1- 3 |  4- 6 || total
-------------------------+-------+-------++-------
Melee: Hand axe          |    40 |       ||    40
       Short sword       |    23 |       ||    23
       Rapier            |     6 |    20 ||    26
 Cast: Summon Small Mamm |    28 |     2 ||    30
       Call Canine Famil |     4 |    10 ||    14
  Use: Potion            |       |     1 ||     1
 Stab: Distracted        |     1 |       ||     1
       Sleeping          |     1 |       ||     1
Armor: Robe              |     8 |     4 ||    12
Dodge: Dodged            |    22 |    16 ||    38
